 Dungeon Crawl Stone Soup version 0.25-a0-100-g33052ceff8 (webtiles) character file.

Game seed: 3246133201855425006, levelgen mode: deterministic

207 Lucibear the Shield-Bearer (level 5, -3/34 HPs)
             Began as a Gargoyle Fighter on Nov 15, 2019.
             Slain by an ogre
             ... wielding a +0 giant club
              (13 damage)
             ... on level 3 of the Dungeon.
             The game lasted 00:20:15 (2512 turns).

Lucibear the Shield-Bearer (Gargoyle Fighter)       Turns: 2512, Time: 00:20:16

Health: -3/34      AC: 11    Str: 21    XL:     5   Next: 85%
Magic:  5/5        EV:  7    Int:  8    God:
Gold:   79         SH:  9    Dex:  9    Spells: 4/4 levels left

rFire    . . .     SeeInvis .   a - +0 morningstar
rCold    . . .     Gourm    .   c - +0 shield
rNeg     + . .     Faith    .   b - +0 scale mail
rPois    ∞         Spirit   .   (no helmet)
rElec    +         Reflect  .   (no cloak)
rCorr    .         Harm     .   (no gloves)
MR       .....                  (no boots)
Stlth    ..........             (no amulet)
HPRegen  0.11/turn              (no ring)
MPRegen  0.09/turn              (no ring)

@: no status effects
A: negative energy resistance 1, electricity resistance, unbreathing,
petrification resistance, rot immunity, AC +4
a: no special abilities


You were on level 3 of the Dungeon.
You were hungry.

You visited 1 branch of the dungeon, and saw 4 of its levels.

You collected 79 gold pieces.

Inventory:

Hand Weapons
 a - a +0 morningstar (weapon)
 s - a +0 flail
Armour
 b - a +0 scale mail (worn)
 c - a +0 shield (worn)
 o - a +0 scale mail
Scrolls
 e - 2 scrolls of immolation {unknown}
 g - a scroll of remove curse {unknown}
 h - a scroll of noise {unknown}
 i - 2 scrolls of random uselessness {unknown}
 j - a scroll of enchant armour {unknown}
 k - 2 scrolls of amnesia {unknown}
 m - a scroll of enchant weapon {unknown}
 n - 3 scrolls of identify {unknown}
 q - 2 scrolls of magic mapping {unknown}
 t - a scroll of fog {unknown}
Potions
 d - 2 potions of might
 l - a potion of haste {unknown}
 p - 2 potions of curing {unknown}
 r - a potion of magic {unknown}
 u - 2 potions of degeneration {unknown}
 v - a potion of lignification {unknown}
Comestibles
 f - 10 rations


   Skills:
 + Level 4.3 Fighting
 * Level 3.7 Maces & Flails
 + Level 4.3 Armour
 + Level 4.3 Shields


You had 4 spell levels left.
You didn't know any spells.
Your spell library was empty.

Dungeon Overview and Level Annotations

Branches:
Dungeon (4/15)
 Temple: D:4-7

Altars:
Dithmenos
Elyvilon
Nemelex Xobeh
Qazlal

Annotations:
D:2 exclusion: downstairs
D:3 exclusion: upstairs
D:4 Grinder


Innate Abilities, Weirdness & Mutations

You are resistant to torment.
Your stone body is resilient. (AC +4)
You are immune to poison.
You resist negative energy. (rN+)
You are resistant to electric shocks. (rElec)
You can survive without breathing.
You are immune to petrification.
You are immune to rotting.


Message History

You climb upwards.
Level annotation: exclusion: downstairs
There is a stone staircase leading down, spattered with blood here.
There is a stone staircase leading down here.
You climb downwards.
Level annotation: exclusion: upstairs
There is a stone staircase leading up here.
Key pressed, stopping explore.
Unknown command.
You see here 26 stones.
The ogre is too close now for your liking.
The ogre shouts!
You hit the ogre.
The ogre is lightly wounded.
The ogre hits you with a +0 giant club!!
Ouch! That really hurt!
* * * LOW HITPOINT WARNING * * *
Found an escape hatch in the floor.
The ogre hits you with a +0 giant club!
You die...

#.# # #.# #. #.####.
######## #......
#......#######.###..
#>..........##.#....
####..###.####.#....#..
#.....@##.# #.........
#.##..O##.# ###...###.
#.##......# ##.## #.
#.####..### #.# ## #.#
#..# #.# #.####..#
##'## #.......####
##...## ####.......#
##.....##
#.##.##.###.......##


You could see an ogre.

Vanquished Creatures
  A crimson imp (D:2)
  A worker ant (D:3)
  A gnoll (D:1)
  6 adders
  3 worms
  A dart slug (D:2)
  2 leopard geckos
  2 orcs (D:3)
  11 bats
  3 giant cockroaches (D:2)
  8 goblins
  8 hobgoblins
  A ball python (D:2)
  8 frilled lizards
  9 kobolds
  A leopard gecko skeleton (D:2)
  10 rats
76 creatures vanquished.

Notes
Turn   | Place    | Note
-------+----------+-------------------------------------------
     0 | D:1      | Lucibear the Gargoyle Fighter began the quest for the Orb.
     0 | D:1      | Reached XP level 1. HP: 14/14 MP: 1/1
    56 | D:1      | Reached XP level 2. HP: 11/19 MP: 2/2
   175 | D:1      | Reached XP level 3. HP: 13/23 MP: 3/3
   761 | D:2      | Reached XP level 4. HP: 11/29 MP: 4/4
   956 | D:2      | Found a white marble altar of Elyvilon.
  1035 | D:2      | Reached XP level 5. HP: 22/33 MP: 5/5
  1100 | D:2      | Found a sparkling altar of Nemelex Xobeh.
  1147 | D:2      | Found a shadowy altar of Dithmenos.
  1960 | D:4      | Noticed an ogre
  2287 | D:4      | Noticed Grinder
  2287 | D:4      | Noticed an ogre
  2339 | D:3      | Found a stormy altar of Qazlal.
  2512 | D:3      | Slain by an ogre

Levels and vault maps discovered:
D:1:      minmay_arrival_arboretum_small, layout_basic
D:2:      wad_river_or_something, layout_loops_ring, elyvilon_altar_4,
          lemuel_coloured_pillars_altar, nemelex_spade_bored_becter
D:3:      layout_loops_corners, nicolae_qazlal_general_emergency, first_ration
D:4:      layout_cave_pools, fiery_altar_vehumet, kennysheep_mini_moat,
          lemuel_round_altar, uniq_grinder

Skill      XL: |  1  2  3  4 |
---------------+-------------+-----
Fighting       | 4 |  4.3
Maces & Flails | 3 |  3.7
Armour         | 4 |  4.3
Shields        | 4 |  4.3

Action                   |  1- 3 |  4- 6 || total
-------------------------+-------+-------++-------
Melee: Flail             |   124 |    97 ||   221
       Morningstar       |       |    95 ||    95
  Eat: Chunk             |       |     5 ||     5
Armor: Scale mail        |    66 |   115 ||   181
Dodge: Dodged            |    30 |    71 ||   101
Block: Shield            |    48 |   124 ||   172

Table legend:
 A = Non-vault XP
 B = Vault XP
 C = Vault XP percentage of total XP
 D = Non-vault monster count
 E = Vault monster count
 F = Vault count percentage of total count
                 A         B        C        D         E       F
            +---------+---------+-------+---------+---------+-------
      Total |     279 |      18 |   6.1 |      67 |       9 |  11.8
            +---------+---------+-------+---------+---------+-------
        D:1 |      57 |       0 |   0.0 |      28 |       0 |   0.0
        D:2 |     157 |      18 |  10.3 |      27 |       9 |  25.0
        D:3 |      65 |       0 |   0.0 |      12 |       0 |   0.0
            +---------+---------+-------+---------+---------+-------
